 Dungeon Crawl Stone Soup version 0.28.0 (webtiles) character file.

Game seed: 11005693217513471368

2 Dorkslayer the Shield-Bearer (level 1, 0/16 HPs)
             Began as an Octopode Fighter on June 20, 2022.
             Slain by a kobold (5 damage)
             ... on level 1 of the Dungeon.
             The game lasted 00:00:25 (177 turns).

Dorkslayer the Shield-Bearer (Octopode Fighter)      Turns: 177, Time: 00:00:26

Health: 0/16       AC:  1    Str: 15    XL:     1   Next: 40%
Magic:  1/1        EV: 13    Int: 10    God:
Gold:   3          SH:  4    Dex: 11    Spells: 0/0 levels left

rFire   . . .      SeeInvis .   a - +0 long sword
rCold   . . .      Faith    .   b - +0 buckler
rNeg    . . .      Spirit   .   (helmet restricted)
rPois   .          Reflect  .   (no amulet)
rElec   .          Harm     .   (no ring)
rCorr   .          Rampage  .   (no ring)
Will    .....                   (no ring)
Stlth   ++........              (no ring)
HPRegen 0.05/turn               (no ring)
MPRegen 0.07/turn               (no ring)
                                (no ring)
                                (no ring)

@: lethally poisoned (0 -> -5), flying
A: almost no armour, amphibious, 8 rings, camouflage 1, gelatinous body 1,
(nimble swimmer 1), tentacles
a: no special abilities


You were on level 1 of the Dungeon.
You visited 1 branch of the dungeon, and saw 1 of its levels.

You collected 3 gold pieces.

Inventory:

Hand Weapons
 a - a +0 long sword (weapon)
Armour
 b - a +0 buckler (worn)
Scrolls
 d - a scroll of identify {unknown}
Potions
 c - a potion of might
 f - a potion of lignification {unknown}


   Skills:
 + Level 3.0 Fighting
 + Level 2.0 Long Blades
 + Level 3.0 Dodging
 + Level 3.1 Shields


You couldn't memorise any spells.
You didn't know any spells.
Your spell library was empty.

Dungeon Overview and Level Annotations

Branches:
Dungeon (1/15)

Altars:


Innate Abilities, Weirdness & Mutations

You cannot wear most types of armour.
You are amphibious.
You can wear up to eight rings at the same time.
Your skin changes colour to match your surroundings (Stealth+).
Your rubbery body absorbs attacks. (AC +1, EV +1)
((You are camouflaged when in or above water. (Stealth+)))
You have tentacles for arms and can constrict up to eight enemies at once.


Message History

You see here a bat corpse.
There is an open door here.
You open the door.
There is an open door here.
e - a glowing amethyst potion
There is an open door here.
You open the door.
Found a spear.
Found a grey potion.
There is an open door here.
f - a grey potion
Found 3 gold pieces.
You now have 3 gold pieces.
There is an open door here.
There is an open door here.
A frilled lizard comes into view.
A kobold comes into view. It is wielding a +0 short sword.
The kobold shouts!
You hear an angry hiss.
A goblin comes into view. It is wielding a +0 dagger of venom.
A frilled lizard comes into view.
The frilled lizard hisses angrily.
Found 8 gold pieces.
The frilled lizard hisses angrily.
The goblin barely misses you.
You hit the goblin but do no damage. You grab the goblin.
You constrict the goblin. The frilled lizard misses you.
The goblin hits you with a +0 dagger of venom.
You are lethally poisoned!
You slash the goblin!
You kill the goblin!
You feel very sick. The kobold barely misses you.
The frilled lizard closely misses you. The kobold barely misses you.
The frilled lizard closely misses you.
Unknown command.
You feel sick.
It was a potion of flight.
You feel very buoyant.
You fly up into the air.
You feel sick.
The kobold hits you with a +0 short sword.
You die...

#######.###..##
####...##..#...##.
#....#......#.....
#.###..##.......##
#######.#
##..##....###.
#.......#
#.........+...
#.......#
##...##...###.
#.......#
#.#..#......##
#..#..K@#
###.....#..... #.
#..ll#
#....#....#.
#$....).#
.#####.##..#
##.#....# ..
##.... #...#...#
.# #.### #..###..#
#.### #.# ##.#
#..†. #. ..# #####
# .# #


You could see a kobold and 2 frilled lizards.

Vanquished Creatures
  A goblin (D:1)
  A bat (D:1)
  A frilled lizard (D:1)
3 creatures vanquished.

Notes
Turn   | Place    | Note
-------+----------+-------------------------------------------
     0 | D:1      | Dorkslayer the Octopode Fighter began the quest for the
                  | Orb.
     0 | D:1      | Reached XP level 1. HP: 16/16 MP: 1/1
   177 | D:1      | Slain by a kobold

Illustrated notes

Levels and vault maps discovered:
D:1:      elethiomel_arrival_infinity_welcomes_careful_drivers,
          layout_loops_cross, dreamdust_ecumenical_altar_hidden_monk_grotto

Action                   || total
-------------------------++-------
Melee: Long sword        ||     4
       Constrict         ||     1
  Use: Potion            ||     1
 Stab: Sleeping          ||     1
Armor: Skin              ||     1
Dodge: Dodged            ||     6
